Map: Abiogenesis LE

Players

Tesla (Rob) - Winner!

  • Race: Protoss Protoss
  • League: Grandmaster
  • Spawn Location: 11:00

VOD

Have the link to the VOD?

Description

Time

  • Played on: Feb. 26, 2018, 3:55 a.m.
  • Length: 4:03
Show
View Real Time Build Order
Export as new Build Order

Tesla Protoss - Winner!

Build Orders:  

Get SALT Encoding   

  12  0:02  Probe  
  12  0:14  Probe  
  12  0:18  Pylon  
  12  0:26  Probe  
  12  0:36  Gateway  
  12  0:38  Probe  
  12  0:45  Assimilator  
  12  0:50  Assimilator  
  12  0:53  Probe  
  12  1:04  Gateway  
  12  1:08  Probe  
  12  1:21  Probe  
  12  1:24  Cybernetics Core  
  12  1:33  Probe  
  12  1:40  Pylon  
  12  1:45  Probe  
  12  1:55  Warp Gate (Chrono Boost)  
  12  1:57  Probe  
  12  2:00  Stalker x2 (Chrono Boost)  
  12  2:11  Probe  
  12  2:21  Stalker  
  12  2:23  Stalker  
  12  2:36  Pylon  
  12  2:41  Gateway  
  12  2:54  Gateway  
  12  2:59  Stalker  
  12  3:07  Stalker  
  12  3:18  Pylon  
  12  3:43  Stalker  
  12  3:44  Stalker x2  
  12  3:48  Stalker  
  12  3:52  Pylon  
Tags
 
Add a new tag
Caveats
  • Supply blocks, unpowered buildings, or Contaminate may cause inaccurate times.
  • Supply counts are checked every 10 seconds.